 Dungeon Crawl Stone Soup version 0.31-a0-1576-ga3383bade6 (webtiles) character file.

Game seed: 13353224361881149297

19476 jasper the Nimble (level 12, 0/114 HPs)
             Began as a Deep Elf Cinder Acolyte on Jan 5, 2024.
             Was a Follower of Vehumet.
             Slain by a fire elemental (3 damage)
             ... created by the fiery vengeance of Ignis
             ... on level 3 of the Lair of Beasts.
             The game lasted 00:20:08 (14594 turns).

jasper the Nimble (Deep Elf Cinder Acolyte)        Turns: 14594, Time: 00:20:09

Health: 0/114      AC: 26    Str: 11    XL:     12   Next: 36%
Magic:  1/23       EV:  2    Int: 25    God:    Vehumet [*.....]
Gold:   94         SH:  4    Dex: 10    Spells: 2/23 levels left

rFire   . . .        (no weapon)
rCold   . . .        E - +0 buckler
rNeg    . . .        G - melded +1 steam dragon scales
rPois   +            w - melded +0 helmet
rElec   .            x - melded +0 cloak
rCorr   .            (gloves currently unavailable)
SInv    .            r - melded +0 pair of boots
Will    +....        (no amulet)
Stlth   +            q - +5 ring of evasion
HPRegen 0.39/turn    (no ring)
MPRegen 0.18/turn

%: no passive effects
@: tree-form, fire susceptible
A: stationary, stasis, torment immunity, boosted hp
a: Renounce Religion


You were on level 3 of the Lair of Beasts.
You worshipped Vehumet.
Vehumet was aware of your devotion.
You were a tree.
You visited 3 branches of the dungeon, and saw 15 of its levels.

You collected 776 gold pieces.
You spent 682 gold pieces at shops.

Inventory:

Hand Weapons
 a - a -1 spear of flaming
 i - a +0 quarterstaff
 k - a +0 halberd
 n - a +2 whip of draining
 t - a +0 scimitar of chaos
 y - the +9 rapier "Korphoal" {elec, rElec rN+ Will+ Str-3}
   (You found it on level 7 of the Dungeon)

   Str-3:     It affects your strength (-3).
   rElec:     It insulates you from electricity.
   rN+:       It protects you from negative energy.
   Will+:     It increases your willpower.
Missiles
 c - 64 stones
 g - a throwing net
 A - 2 curare-tipped darts
Armour
 b - a +0 robe
 j - a +0 ring mail
 r - a +0 pair of boots (melded)
 w - a +0 helmet (melded)
 x - a +0 cloak (melded)
 E - a +0 buckler (worn)
 G - +1 steam dragon scales (melded)
Magical Staves
 L - a staff of alchemy
Jewellery
 l - a ring of protection from cold
 o - a ring of ice
 q - a +5 ring of evasion (left branch)
 C - an amulet of regeneration
 F - a +5 ring of evasion
Talismans
 m - a serpent talisman
Wands
 u - a wand of paralysis (16)
 M - a wand of polymorph (5)
Scrolls
 h - 4 scrolls of identify
 p - 2 scrolls of fog
Potions
 d - 8 potions of curing
 f - 2 potions of brilliance
 z - a potion of lignification
 B - 2 potions of invisibility {unknown}
 H - a potion of mutation {unknown}
 J - 2 potions of attraction {unknown}
 K - a potion of haste {unknown}


   Skills:
 + Level 9.1 Fighting
 - Level 2.1 Polearms
 - Level 10.0 Dodging
 - Level 4.4 Shields
 - Level 6.0 Spellcasting
 - Level 9.0 Conjurations
 - Level 4.0 Necromancy
 - Level 2.0 Translocations
 - Level 7.3 Fire Magic
 - Level 2.0 Air Magic
 - Level 9.0 Earth Magic
 - Level 4.0 Evocations


You had 2 spell levels left.
You knew the following spells:

 Your Spells              Type           Power      Damage    Failure   Level
a - Freezing Cloud        Conj/Ice/Air   12%        6-21      54%         5
b - Sublimation of Blood  Necr           27%        N/A       3%          2
c - Stone Arrow           Conj/Erth      100%       3d13      1%          3
d - Passwall              Erth           51%        N/A       1%          3
e - Swiftness             Air            17%        N/A       13%         3
f - Blink                 Tloc           34%        N/A       7%          2
g - Mephitic Cloud        Conj/Alch/Air  25%        N/A       7%          3

Your spell library contained the following spells:

 Spells                   Type           Power      Damage    Failure   Level
 Sting                    Conj/Alch      100%       1d9       1%          1
 Sandblast                Erth           100%       2d20      1%          1
 Momentum Strike          Conj/Tloc      70%        3d9       1%          2
 Scorch                   Fire           88%        2d8       1%          2
 Lesser Beckoning         Tloc           34%        N/A       7%          2
 Mercury Vapours          Alch/Air       24%        N/A       10%         2
 Call Imp                 Summ           14%        N/A       16%         2
 Ensorcelled Hibernation  Hex/Ice        14%        N/A       16%         2
 Jinxbite                 Hex            14%        N/A       16%         2
 Brom's Barrelling Bould  Conj/Erth      51%        2d7       2%          4
 Dazzling Flash           Conj/Hex       60%        N/A       4%          3
 Summon Ice Beast         Ice/Summ       7%         N/A       30%         3
 Curse of Agony           Necr           27%        N/A       47%         5
 Silence                  Hex/Air        6%         N/A       88%         5
 Summon Mana Viper        Hex/Summ       7%         N/A       95%         5
 Yara's Violent Unravell  Hex/Alch       3%         3d4       95%         5
 Enfeeble                 Hex            3%         N/A       100%        7
 Monstrous Menagerie      Summ           3%         N/A       100%        7
 Summon Hydra             Summ           3%         N/A       100%        7


Dungeon Overview and Level Annotations

Branches:
Dungeon (11/15)            Temple (1/1) D:6            Lair (3/5) D:11
  Swamp (0/4) Lair:2       Spider (0/4) Lair:2          Orc (0/2) D:9

Altars:
Ashenzari
Cheibriados
Dithmenos
Elyvilon
Fedhas
Gozag
Hepliaklqana
Kikubaaqudgha
Makhleb
Nemelex Xobeh
Okawaru
Qazlal
Ru
Sif Muna
Trog
Uskayaw
Vehumet
Wu Jian
Xom
Yredelemnul
Zin
The Shining One

Shops:
D:6 [   D:7 **   D:8 :   D:10 [

Annotations:
D:9 3 runed translucent doors, Xiscapia's ghost, novice DsHW
Temple 2 transporters


Message History

The fire elemental misses you.
You take 11 damage, and have 21/76 hp.
Okay, then.
You turn into a tree.
Your +0 cloak melds into your body.
Your +0 helmet melds into your body.
Your +0 pair of boots melds into your body.
Your +1 steam dragon scales melds into your body.
Your roots penetrate the ground.
The fire elemental hits you. The fire elemental burns you!
* * * LOW HITPOINT WARNING * * *
The fire elemental hits you. The fire elemental burns you!
* * * LOW HITPOINT WARNING * * *
You now have 23/114 hp.
You are now empty-handed.
The fire elemental hits you. The fire elemental burns you!
* * * LOW HITPOINT WARNING * * *
The fire elemental hits you. The fire elemental burns you!
* * * LOW HITPOINT WARNING * * *
You take 11 damage, and have 12/114 hp.
Aiming: Stone Arrow (safe; 1% risk of failure)
Press: ? - help, Q - select action, (/) - cycle Shift-Dir - straight line, f/p - fire elemental
Aim: a fire elemental (durably summoned, 72% to hit)
The stone arrow hits the fire elemental!
The fire elemental is moderately damaged.
You block the fire elemental's attack. The fire elemental hits you.
The fire elemental burns you!
* * * LOW HITPOINT WARNING * * *
You take 11 damage, and have 1/114 hp.
You now have 1/23 mp.
Okay, then.
You feel better. The fire elemental hits you. The fire elemental burns you!
* * * LOW HITPOINT WARNING * * *
The fire elemental hits you. The fire elemental burns you!
* * * LOW HITPOINT WARNING * * *
The komodo dragon is engulfed in blazing flames.
You feel better. The fire elemental hits you.
* * * LOW HITPOINT WARNING * * *
The fire elemental burns you!
* * * LOW HITPOINT WARNING * * *
The fire elemental hits you. The fire elemental burns you!
You die...

.#P..............†....Y...
......##...#..#....#.#....
.............?......## ...
......##...........## ..
....# ##....#....... .
.#.. ##..####...## ..
##l..##P...# #EE.......
#♣........ #..........
##.....###. #.....#
#.....P# ##......#
.......P .....PP


You could see a komodo dragon and 2 fire elementals.

Vanquished Creatures
  A hydra (Lair:3)
  Erolcha (D:11)
  3 two-headed ogres
  A cyclops (D:11)
  Joseph (D:9)
  A kobold demonologist (D:9)
  An unseen horror (D:11)
  2 cane toads (Lair:3)
  3 komodo dragons
  Psyche (D:8)
  2 trolls
  8 blink frogs
  Grinder (D:6)
  2 hornets
  Sigmund (D:5)
  A wraith (D:11)
  30 yaks
  3 wyverns
  A fire elemental (Lair:3)
  6 steam dragons
  Eustachio (D:3)
  A basilisk (D:11)
  Menkaure (D:5)
  An acid dragon (D:11)
  8 water moccasins
  An ice beast (D:5)
  A black bear (D:6)
  4 orc warriors (D:9)
  A sky beast (D:6)
  3 ogres
  7 wolves
  2 centaurs
  2 kobold brigands
  2 bullfrogs
  A scorpion (D:5)
  4 gnoll sergeants
  8 wights
  2 jellies
  A hound (D:6)
  8 orc priests
  2 sleepcaps
  2 gnoll boudas
  5 iguanas
  12 orc wizards
  40 gnolls
  4 adders
  2 white imps
  2 ufetubi (D:6)
  A ribbon worm (D:2)
  38 orcs
  3 endoplasms
  5 goblins
  7 hobgoblins
  7 jackals
  6 quokkas
  4 ball pythons
  4 bats
  6 frilled lizards
  7 kobolds
  7 rats
293 creatures vanquished.

Vanquished Creatures (others)
  A yak (D:9)
1 creature vanquished.

Grand Total: 294 creatures vanquished

Notes
Turn   | Place    | Note
-------+----------+-------------------------------------------
     0 | D:1      | jasper the Deep Elf Cinder Acolyte began the quest for the
                  | Orb.
     0 | D:1      | Reached XP level 1. HP: 13/13 MP: 5/5
    34 | D:1      | Found a faded altar of an unknown god.
   242 | D:1      | Reached XP level 2. HP: 12/18 MP: 7/7
   245 | D:1      | Learned a level 2 spell: Scorch
   848 | D:2      | Reached XP level 3. HP: 22/22 MP: 1/8
  1372 | D:2      | Found an ancient bone altar of Kikubaaqudgha.
  1637 | D:2      | Reached skill level 5 in Fire Magic
  2069 | D:3      | Reached XP level 4. HP: 27/27 MP: 0/9
  2345 | D:3      | Learned a level 2 spell: Sublimation of Blood
  2797 | D:4      | Noticed Eustachio
  2807 | D:3      | Killed Eustachio
  2808 | D:3      | Reached XP level 5. HP: 17/31 MP: 0/10
  3042 | D:4      | Learned a level 3 spell: Stone Arrow
  3175 | D:4      | Reached XP level 6. HP: 36/36 MP: 6/11
  3296 | D:4      | Reached skill level 1 in Conjurations
  3296 | D:4      | Reached skill level 1 in Earth Magic
  3642 | D:5      | Entered Level 5 of the Dungeon
  3936 | D:5      | Noticed Sigmund
  3948 | D:5      | Killed Sigmund
  3949 | D:5      | Reached XP level 7. HP: 40/40 MP: 1/12
  4064 | D:5      | Noticed Menkaure
  4067 | D:5      | Killed Menkaure
  4396 | D:5      | Reached skill level 5 in Conjurations
  4396 | D:5      | Reached skill level 5 in Earth Magic
  4396 | D:5      | Reached XP level 8. HP: 45/45 MP: 4/13
  5197 | D:6      | Found Ythruosch's Antique Armour Shop.
  5979 | D:6      | Bought a helmet for 130 gold pieces
  5979 | D:6      | Bought a cloak for 130 gold pieces
  6200 | D:6      | Noticed Grinder
  6203 | D:6      | Killed Grinder
  6318 | D:6      | Found a staircase to the Ecumenical Temple.
  6338 | D:6      | Reached XP level 9. HP: 49/49 MP: 7/14
  6488 | D:7      | Learned a level 3 spell: Passwall
  6536 | D:7      | Found Hplen's Humungous Hoard.
  6605 | D:7      | Identified the +9 rapier "Korphoal" {elec, rElec rN+ Will+
                  | Str-3}
  6942 | D:7      | Found Douchy's Overcharged Wands.
  7182 | D:7      | Found a bloodstained altar of Trog.
  7752 | D:9      | Reached skill level 1 in Dodging
  7752 | D:9      | Reached skill level 1 in Evocations
  7860 | D:9      | Found a shimmering altar of Xom.
  7875 | D:9      | Noticed Joseph
  7879 | D:9      | Reached skill level 2 in Dodging
  7901 | D:9      | Reached skill level 3 in Dodging
  7901 | D:9      | Reached XP level 10. HP: 20/56 MP: 6/15
  7902 | D:9      | Killed Joseph
  8058 | D:9      | Learned a level 3 spell: Swiftness
  8181 | D:9      | Reached skill level 4 in Dodging
  8304 | D:9      | Found a staircase to the Orcish Mines.
  8431 | D:9      | Noticed a two-headed ogre
  8639 | D:8      | Found Kongiu's Book Shoppe.
  8643 | D:8      | Learned a level 2 spell: Blink
  8700 | D:8      | Reached skill level 5 in Dodging
  8978 | D:8      | Found a sacrificial altar of Ru.
  9373 | D:8      | Noticed Psyche
  9376 | D:8      | Killed Psyche
  9377 | D:8      | Reached skill level 5 in Spellcasting
  9509 | D:8      | Learned a level 3 spell: Mephitic Cloud
  9723 | D:9      | Killed a two-headed ogre
  9724 | D:9      | Reached skill level 5 in Fighting
  9724 | D:9      | Reached skill level 6 in Dodging
  9724 | D:9      | Reached skill level 1 in Translocations
  9724 | D:9      | Reached skill level 1 in Air Magic
  9966 | D:9      | Found a runed translucent gate.
  9966 | D:9      | Found a runed translucent gate.
  9967 | D:9      | Found a runed translucent gate.
  9968 | D:9      | Found an opulent altar of Gozag.
  9968 | D:9      | Noticed a cyclops
  9969 | D:9      | Noticed a manticore
  9970 | D:9      | Noticed Xiscapia's ghost (novice DsHW)
  9970 | D:9      | Noticed a deep elf pyromancer
  9970 | D:9      | Noticed a purple ugly thing
 10392 | D:9      | Reached XP level 11. HP: 64/64 MP: 6/22
 10708 | D:10     | Entered Level 10 of the Dungeon
 11102 | D:10     | Found Eschuf's Armour Emporium.
 11109 | D:10     | Bought a +0 buckler for 58 gold pieces
 11763 | D:11     | Noticed Erolcha
 11771 | D:11     | Killed Erolcha
 11772 | D:11     | Reached skill level 7 in Dodging
 11772 | D:11     | Reached skill level 1 in Shields
 11987 | D:11     | Noticed a two-headed ogre
 11995 | D:11     | Killed a two-headed ogre
 12181 | D:11     | Noticed a two-headed ogre
 12184 | D:11     | Killed a two-headed ogre
 12276 | D:8      | Bought a book of Vapours for 364 gold pieces
 12282 | D:8      | Learned a level 5 spell: Freezing Cloud
 12428 | D:11     | Found a staircase to the Lair.
 12447 | D:11     | Reached skill level 8 in Dodging
 13555 | Temple   | Found a transporter.
 13555 | Temple   | Found a transporter.
 13555 | Temple   | Found a transporter.
 13555 | Temple   | Found a transporter.
 13555 | Temple   | Entered the Ecumenical Temple
 13568 | Temple   | Fell from the grace of Ignis
 13568 | Temple   | Became a worshipper of Vehumet
 13670 | Lair:1   | Entered Level 1 of the Lair of Beasts
 13828 | Lair:1   | Reached skill level 9 in Dodging
 14356 | Lair:1   | You fall into a shaft and drop 1 floor!
 14409 | Lair:2   | Reached XP level 12. HP: 71/72 MP: 10/23
 14424 | Lair:2   | Found a staircase to the Swamp.
 14424 | Lair:2   | Found a hole to the Spider Nest.
 14428 | Lair:2   | Noticed an eight-headed hydra
 14455 | Lair:3   | Noticed a seven-headed hydra
 14464 | Lair:3   | Killed a seven-headed hydra
 14464 | Lair:3   | Reached * piety under Vehumet
 14464 | Lair:3   | Offered knowledge of Sting by Vehumet.
 14465 | Lair:3   | Reached skill level 10 in Dodging
 14592 | Lair:3   | HP: 1/114 [fire elemental[the fiery vengeance of Ignis]
                  | (12)]
 14594 | Lair:3   | Slain by a fire elemental

Illustrated notes

Levels and vault maps discovered:
D:1:      eino_arrival_cavern_e, layout_loops_ring,
          chequers_ecumenical_altar_simple_redux
D:2:      layout_loops_ring, basic_altar
D:3:      layout_loops_ring, minmay_misc_feat_tower, minivault_25
D:4:      layout_basic, uniq_eustachio
D:5:      layout_basic, serial_bayou_crossing, uniq_sigmund, uniq_menkaure
D:6:      layout_cave_pools, minmay_temple_entry_mist, serial_shops,
          nicolae_shop_overgrown_old_shop, corexii_leaking_fountain,
          uniq_grinder
D:7:      layout_rooms, mainiacjoe_overflow_brackets, nicolae_alphabet_shops,
          nicolae_shop_overcharged_wands
D:8:      layout_gridville, hangedman_ru_absence, serial_shops,
          nicolae_shop_window_shopping, nrook_mini_backslash, uniq_psyche
D:9:      layout_loops_ring, mainiacjoe_overflow_tiny_flanked,
          hiddenorc1_lemuel, ebering_ghost_gozag, minmay_misc_feat_encased,
          uniq_joseph
D:10:     layout_loops_ring, serial_shops, shop
D:11:     layout_irregular_city, minmay_lair_entry_grove, uniq_erolcha
Temple:   hellmonk_temple_divided_pantheon
Lair:1:   layout_cave_pods, gammafunk_ghost_split
Lair:2:   layout_misc_corridors, minmay_swamp_entry_reptiles,
          spider_nest_entry_rubble, beast_lair_carwin_4, grunt_megastairs_1
Lair:3:   layout_gridlike

Skill      XL: |  1  2  3  4  5  6  7  8  9 10 11 12 |
---------------+-------------------------------------+-----
Spellcasting   | 2 6 |  6.0
Fire Magic     | 4 5 7 |  7.3
Conjurations   | 3 5 7 9 |  9.0
Earth Magic    | 3 5 7 9 |  9.0
Necromancy     | 4 |  4.0
Dodging        | 3 6 9 10 | 10.0
Evocations     | 2 4 |  4.0
Fighting       | 3 5 7 9 |  9.1
Translocations | 2 |  2.0
Air Magic      | 1 2 |  2.0
Shields        | 4 |  4.4
Polearms       | |  2.1

Action                     |  1- 3 |  4- 6 |  7- 9 | 10-12 || total
---------------------------+-------+-------+-------+-------++-------
  Melee: Spear             |    29 |    11 |       |       ||    40
         Halberd           |       |     3 |       |       ||     3
         Quarterstaff      |       |    17 |     4 |       ||    21
         Whip              |       |       |    87 |   130 ||   217
         Punch             |       |       |     1 |       ||     1
         Unarmed           |       |       |       |     6 ||     6
   Cast: Scorch            |    35 |    51 |    20 |       ||   106
         Stone Arrow       |       |       |    84 |   216 ||   300
         Sublimation of Bl |       |       |       |     7 ||     7
         Mephitic Cloud    |       |       |       |     1 ||     1
 Invoke: Fiery Armour      |       |     2 |     1 |     1 ||     4
         Rising Flame      |       |       |       |     1 ||     1
  Evoke: Wand              |       |       |     4 |    30 ||    34
    Use: Scroll            |       |     9 |     3 |    12 ||    24
         Potion            |       |       |       |     7 ||     7
   Stab: Invisible         |       |       |       |     2 ||     2
 Armour: Robe              |    14 |       |       |       ||    14
         Ring mail         |       |    40 |    82 |    23 ||   145
         Steam dragon scal |       |       |       |    80 ||    80
         Skin              |       |       |       |    23 ||    23
  Dodge: Dodged            |    12 |    20 |    86 |   209 ||   327
  Block: Buckler           |       |       |       |    43 ||    43

Table legend: (Time is in decaauts)
 A = Elapsed time spent in this place.
 B = Non-inter-level travel time spent in this place.
 C = Inter-level travel time spent in this place.
 D = Time resting spent in this place.
 E = Time spent auto-exploring this place.
 F = Levels seen in this place.
 G = Mean time per level.
                   A        B        C        D        E       F      G
               +--------+--------+--------+--------+--------+-----+--------+
         Total |  14639 |  14008 |    631 |    933 |  11282 |  15 |  975.9 |
       Dungeon |  13803 |  13182 |    621 |    825 |  10827 |  11 | 1254.8 |
        Temple |     26 |     18 |      8 |      0 |      0 |   1 |   26.0 |
          Lair |    808 |    808 |      0 |    108 |    455 |   3 |  269.3 |
               +--------+--------+--------+--------+--------+-----+--------+

Top non-repeatable levels by time:
     D:9: 2182 daAuts
    D:11: 1900 daAuts
     D:5: 1782 daAuts
     D:8: 1375 daAuts
     D:2: 1136 daAuts
     D:4: 988 daAuts
    D:10: 979 daAuts
     D:6: 947 daAuts
     D:1: 842 daAuts
     D:7: 837 daAuts
     D:3: 830 daAuts
  Lair:1: 570 daAuts
  Lair:3: 149 daAuts
  Lair:2: 89 daAuts
  Temple: 26 daAuts
